 Dungeon Crawl Stone Soup version 0.29.1-2-gbd0b4ee654 (webtiles) character file.

Game seed: 10258666091811876293

36 Sabo the Shield-Bearer (level 3, 36/36 HPs)
             Began as a Troll Fighter on Oct 30, 2022.
             Was a Follower of Uskayaw.
             Got out of the dungeon alive.
             The game lasted 00:03:58 (705 turns).

Sabo the Shield-Bearer (Troll Fighter)               Turns: 705, Time: 00:03:58

Health: 36/36      AC:  4    Str: 26    XL:     3   Next: 19%
Magic:  2/2        EV:  8    Int:  4    God:    Uskayaw [*.....]
Gold:   19         SH:  7    Dex:  9    Spells: 2/2 levels left

rFire   . . .      SeeInvis .   a - +0 war axe
rCold   . . .      Faith    .   c - +0 kite shield
rNeg    . . .      Spirit   .   b - +0 robe
rPois   .          Reflect  .   (helmet restricted)
rElec   .          Harm     .   (no cloak)
rCorr   .          Rampage  .   (gloves unavailable)
Will    .....                   (boots unavailable)
Stlth   +.........              (no amulet)
HPRegen 0.92/turn               (no ring)
MPRegen 0.08/turn               (no ring)

@: no status effects
A: large, unfitting armour, claws 3, regeneration 1, shaggy fur 1, tough skin 1
a: Renounce Religion, Stomp


You escaped.
You worshipped Uskayaw.
Uskayaw was noncommittal.
You visited 1 branch of the dungeon, and saw 1 of its levels.

You collected 19 gold pieces.

Inventory:

Hand Weapons
 a - a +0 war axe (weapon)
Missiles
 e - 2 throwing nets (quivered)
Armour
 b - a +0 robe (worn)
 c - a +0 kite shield (worn)
Scrolls
 f - 2 scrolls of noise {unknown}
 g - a scroll of identify {unknown}
Potions
 d - a potion of might


   Skills:
 + Level 2.6 Fighting
 + Level 2.0 Axes
 + Level 2.9 Dodging
 + Level 3.0 Shields


You had 2 spell levels left.
You didn't know any spells.
Your spell library contained the following spells:

 Spells                   Type           Power      Damage    Failure   Level
 Foxfire                  Conj/Fire      0%         2x1d4     80%         1
 Conjure Flame            Conj/Fire      0%         6-21      99%         3
 Inner Flame              Hex/Fire       0%         N/A       99%         3
 Flame Wave               Conj/Fire      0%         2d4       100%        4


Dungeon Overview and Level Annotations

Branches:
Dungeon (1/15)

Altars:
Uskayaw


Innate Abilities, Weirdness & Mutations

You are too large for most types of armour.
You have claws for hands.
Your natural rate of healing is unusually fast.
You are covered in fur. (AC +1)
You have tough skin. (AC +1)


Message History

You see here a human skeleton.
You see here a human skeleton.
g - a scroll labelled ALEVAE KAEBU You see here a human skeleton.
There is a faded altar of an unknown god here.
You cannot tell which god this altar belongs to.
Convert to them anyway?
Uskayaw accepts your prayer! Uskayaw welcomes you!
You can now stomp with the beat.
You see here a human skeleton.
You see here a human skeleton.
You see here a +0 club.
You see here a +0 club.
You see here a +0 dagger.
Found a book of Flames.
You pick up a book of Flames and begin reading...
You add the spells Foxfire, Conjure Flame, Inner Flame and Flame Wave to your library. 2 jackals come into view.
The jackal moves out of view.
You block the jackal's attack.
You closely miss the jackal. The jackal closely misses you.
The jackal misses you.
You hit the jackal but do no damage. The jackal barely misses you. x2
You slash the jackal!
You kill the jackal!
The jackal bites you but does no damage.
Your Axes skill increases to level 2!
You slash the jackal!
You kill the jackal!
You see here a jackal corpse.
You open the door.
There is an open door here.
There is an open door here.
There is an open door here.
There is an open door here.
There is an open door here.
There is an open door here.
There is a staircase leading out of the dungeon here.
Are you sure you want to leave the Dungeon?
This will make you lose the game!
You have escaped!

###.#.# #.# #.#.....# # .
......# #.# ########.## .
###.### #.###.#......'.# . #
#.# ###.....#......#.# #
#.####...#####..8...#.#
###....#.###...#......#.#
.........# #...'......#>#
###...##.###...#####'#######
# ##.###...###'#@#.........#
# #.# ###..#..#'#.........#
# #.# #.##..'.#.........# #
#.# #.#######.........# #
#.. #.# #.........# # ###
#.# #.........# #.#
####.........# #.#
#..'.........# #.#
#.##########'## #


There were no monsters in sight!

Vanquished Creatures
  3 dart slugs (D:1)
  2 endoplasms (D:1)
  A giant cockroach (D:1)
  7 goblins (D:1)
  6 jackals (D:1)
  A quokka (D:1)
  A bat (D:1)
  2 frilled lizards (D:1)
  2 kobolds (D:1)
  2 rats (D:1)
27 creatures vanquished.

Notes
Turn   | Place    | Note
-------+----------+-------------------------------------------
     0 | D:1      | Sabo the Troll Fighter began the quest for the Orb.
     0 | D:1      | Reached XP level 1. HP: 22/22 MP: 0/0
   191 | D:1      | Reached XP level 2. HP: 28/29 MP: 1/1
   376 | D:1      | Reached skill level 3 in Shields
   496 | D:1      | Reached XP level 3. HP: 36/36 MP: 2/2
   564 | D:1      | Found a faded altar of an unknown god.
   585 | D:1      | Prayed at the altar of an unknown god.
   585 | D:1      | Became a worshipper of Uskayaw the Reveller
   585 | D:1      | Reached * piety under Uskayaw
   705 | D:$      | Got out of the dungeon alive.

Illustrated notes

Levels and vault maps discovered:
D:1:      evilmike_arrival_fibonacci_small, layout_loops_ring,
          shapermc_ecumenical_altar_pompeii

Skill      XL: |  1  2  3 |
---------------+----------+-----
Shields        | 3 |  3.0
Axes           | 2 |  2.0
Fighting       | |  2.6
Dodging        | |  2.9

Action                   || total
-------------------------++-------
Melee: War axe           ||    62
Armor: Robe              ||    30
Dodge: Dodged            ||    36
Block: Kite shield       ||    34
